 Dungeon Crawl Stone Soup version 0.32-a0-42-ga30500b4d3 (webtiles) character file.

Game seed: 1760066860165992563

4102 Ceno the Covert (level 10, -7/44 HPs)
             Began as a Vine Stalker Earth Elementalist on Feb 2, 2024.
             Was a Believer of Wu Jian.
             Mangled by a sixfirhy (10 damage)
             ... on level 10 of the Dungeon.
             The game lasted 00:42:26 (9918 turns).

Ceno the Covert (Vine Stalker Earth Elementalist)   Turns: 9918, Time: 00:42:27

Health: -7/44      AC:  7    Str: 11      XL:     10   Next: 26%
Magic:  0/31       EV: 12    Int: 17      God:    Wu Jian [**....]
Gold:   653        SH:  0    Dex: 13 (17) Spells: 13/24 levels left

rFire   + . .        L - +2 dagger (drain)
rCold   . . .        (no shield)
rNeg    . . .        D - +2 robe {Will+}
rPois   .            v - +1 helmet
rElec   .            (no cloak)
rCorr   .            J - +0 pair of gloves
SInv    .            (no boots)
Will    ++...        y - amulet of regeneration
Stlth   ++++         a - ring of magical power
HPRegen 1.87/turn    e - ring of protection from fire
MPRegen 0.22/turn

%: guardian spirit
@: hasted, very quick
A: fangs 3, regeneration 1, magic shield, antimagic bite, no potion heal 2
a: Renounce Religion, Wall Jump


You were on level 10 of the Dungeon.
You worshipped Wu Jian.
Wu Jian was pleased with you.
You visited 2 branches of the dungeon, and saw 12 of its levels.
You also visited: Ossuary.

You collected 653 gold pieces.

Inventory:

Hand Weapons
 p - a +1 vampiric dagger
 u - a +0 rapier
 L - a +2 dagger of draining (weapon)
Missiles
 n - 36 stones (quivered)
 w - 8 poisoned darts
Armour
 o - a +0 leather armour
 v - a +1 helmet (worn)
 A - a +0 buckler
 D - a +2 robe of willpower (worn)
 F - +0 steam dragon scales
 J - a +0 pair of gloves (worn)
Jewellery
 a - a ring of magical power (left hand)
 e - a ring of protection from fire (right hand)
 y - an amulet of regeneration (around neck)
 C - a ring of protection from fire
Wands
 d - a wand of quicksilver (20)
 r - a wand of charming (8)
Scrolls
 g - 3 scrolls of enchant armour
 j - 2 scrolls of enchant weapon
 k - a scroll of silence {unknown}
 l - a scroll of butterflies {unknown}
 s - a scroll of revelation {unknown}
 t - a scroll of blinking
 B - a scroll of amnesia
 E - a scroll of poison {unknown}
 G - a scroll of immolation {unknown}
 H - 2 scrolls of identify
 I - a scroll of teleportation
 K - a scroll of fog {unknown}
Potions
 b - a potion of magic
 c - 5 potions of mutation
 f - 7 potions of curing
 h - 2 potions of haste
 i - 8 potions of degeneration
 m - 3 potions of might
 q - 2 potions of cancellation
 x - 2 potions of attraction
 z - a potion of lignification


   Skills:
 + Level 5.5 Short Blades
 - Level 1.5 Dodging
 + Level 9.8 Stealth
 + Level 7.6 Spellcasting
 + Level 1.6 Conjurations
 - Level 8.0 Earth Magic
 - Level 3.0 Alchemy


You had 13 spell levels left.
You knew the following spells:

 Your Spells              Type           Power      Damage    Failure   Level
a - Sandblast             Erth           66%        2d15      1%          1
b - Passwall              Erth           33%        N/A       1%          3
c - Stone Arrow           Conj/Erth      44%        3d9       4%          3
d - Petrify               Alch/Erth      25%        N/A       11%         4

Your spell library contained the following spells:

 Spells                   Type           Power      Damage    Failure   Level
 Brom's Barrelling Bould  Conj/Erth      22%        2d4       16%         4


Dungeon Overview and Level Annotations

Branches:
Dungeon (11/15)            Temple (1/1) D:4            Lair (0/5) D:8
Ossuary (visited)
    Orc: D:9-12

Altars:
Ashenzari
Cheibriados
Dithmenos
Elyvilon
Fedhas
Gozag
Hepliaklqana
Kikubaaqudgha
Makhleb
Nemelex Xobeh
Okawaru
Qazlal
Ru
Sif Muna
Trog
Vehumet
Wu Jian
Xom
Yredelemnul
Zin
The Shining One

Shops:
D:4 (   D:11 *

Annotations:
D:7 1 runed translucent door, Crazy Yiuf


Innate Abilities, Weirdness & Mutations

You have razor-sharp teeth.
Your natural rate of healing is unusually fast.
When hurt, damage is shared between your health and your magic reserves.
Your bite disrupts and absorbs the magic of your enemies.
Potions cannot restore your health.


Message History

The quasit attacks as it pursues you!
The quasit bites you but does no damage.
The quasit claws you but does no damage.
The quasit claws you. The quasit attacks as it pursues you!
The quasit bites you.
You feel clumsy. The quasit claws you.
The quasit claws you but does no damage.
The quasit closely misses you.
The quasit claws you but does no damage.
The quasit claws you.
You feel clumsy. The quasit attacks as it pursues you! The quasit misses you.
The quasit claws you but does no damage. x2
The sixfirhy hits you but does no damage. x2
The sixfirhy hits you! The sixfirhy shocks you!
There is a stone staircase leading up, spattered with blood here.
You climb upwards.
There is a stone staircase leading down here.
You feel yourself speed up. The sixfirhy hits you. The sixfirhy shocks you!
You miss the sixfirhy. The sixfirhy hits you! The sixfirhy shocks you!
The sixfirhy hits you but does no damage.
Casting: Passwall (safe; 1% risk of failure)
Confirm with . or Enter, or press ? or * to list all spells.
Aiming: Stone Arrow (dangerous; 4% risk of failure)
Press: ? - help, Shift-Dir - straight line, f - sixfirhy
Aim: a sixfirhy (38% to hit)
The stone arrow misses the sixfirhy.
The sixfirhy barely misses you. The sixfirhy hits you. The sixfirhy shocks you!
* * * LOW HITPOINT WARNING * * *
Casting: Stone Arrow (dangerous; 4% risk of failure)
Confirm with . or Enter, or press ? or * to list all spells.
You don't have enough magic to cast this spell.
Unknown command.
You hit the sixfirhy. Your bite misses the sixfirhy.
The sixfirhy is lightly wounded.
The sixfirhy completely misses you. The sixfirhy hits you.
* * * LOW HITPOINT WARNING * * *
The sixfirhy shocks you!
You die...

#. #.###
##...#
..#.##
#####
###@###
#8.3.8#
##.....##
#_....._#
##.....##
#8...8#
##.....##
#_....._#
##.....##


You could see a sixfirhy.

Vanquished Creatures
  A hornet (D:7)
  Prince Ribbit (D:6)
  A shadow (D:11)
  4 wyverns
  Eustachio (D:6)
  2 steam dragons (D:8)
  2 water moccasins
  An orc warrior (D:9)
  2 ice beasts
  A sky beast (D:7)
  2 ogres
  A kobold brigand (D:9)
  A gnoll sergeant (D:7)
  4 bullfrogs
  4 elf zombies (Ossuary)
  4 wights (D:8)
  A bombardier beetle (D:5)
  5 centaur zombies (Ossuary)
  2 jellies (D:5)
  2 human zombies (Ossuary)
  3 hounds
  4 orc priests
  2 iguanas
  3 orc wizards (D:6)
  3 mummies (Ossuary)
  10 gnolls
  4 adders
  4 white imps
  A dart slug (D:1)
  A ribbon worm (D:5)
  25 orcs
  6 endoplasms
  5 giant cockroaches
  12 goblins
  9 hobgoblins
  2 jackals (D:1)
  12 kobolds
  4 quokkas
  7 ball pythons
  3 bats
  2 frilled lizards
  2 goblin zombies (D:5)
  3 hobgoblin zombies (D:5)
  3 orc skeletons (D:5)
  3 rats (D:1)
175 creatures vanquished.

Notes
Turn   | Place    | Note
-------+----------+-------------------------------------------
     0 | D:1      | Ceno the Vine Stalker Earth Elementalist began the quest
                  | for the Orb.
     0 | D:1      | Reached XP level 1. HP: 9/9 MP: 4/4
   161 | D:1      | Reached XP level 2. HP: 13/13 MP: 3/6
   432 | D:1      | Reached skill level 3 in Stealth
   565 | D:1      | Reached XP level 3. HP: 16/16 MP: 4/7
   742 | D:1      | Learned a level 3 spell: Passwall
   746 | D:1      | Learned a level 3 spell: Stone Arrow
   782 | D:1      | Found a faded altar of an unknown god.
  1569 | D:2      | Reached XP level 4. HP: 21/21 MP: 9/9
  2743 | D:3      | Reached XP level 5. HP: 23/24 MP: 9/10
  3362 | D:3      | Reached skill level 4 in Stealth
  3438 | D:3      | Found the +7 staff of the Meek {protect, meekguard}
  4064 | D:4      | Found a sand-covered staircase.
  4073 | Ossuary  | Entered an ossuary
  4085 | Ossuary  | Reached skill level 5 in Earth Magic
  4085 | Ossuary  | Reached XP level 6. HP: 28/28 MP: 12/12
  4224 | Ossuary  | Reached skill level 5 in Stealth
  4342 | Ossuary  | Reached XP level 7. HP: 32/32 MP: 14/14
  4647 | D:4      | Found Hupruh's Weapon Shop.
  4656 | D:4      | Found a staircase to the Ecumenical Temple.
  4674 | Temple   | Entered the Ecumenical Temple
  4755 | Temple   | Became a worshipper of the Wu Jian Council
  4852 | D:4      | Reached skill level 1 in Short Blades
  5251 | D:5      | Entered Level 5 of the Dungeon
  5300 | D:5      | Found an ancient bone altar of Kikubaaqudgha.
  5319 | D:5      | Reached skill level 6 in Stealth
  5324 | D:5      | Found a blossoming altar of Fedhas.
  5465 | D:5      | Gained mutation: You have razor-sharp teeth. [Vine Stalker
                  | growth]
  5465 | D:5      | Reached XP level 8. HP: 36/36 MP: 16/16
  5504 | D:5      | Found a glowing golden altar of the Shining One.
  5946 | D:6      | Noticed Eustachio
  5989 | D:6      | Reached skill level 5 in Spellcasting
  6074 | D:6      | Killed Eustachio
  6450 | D:6      | Found an iron altar of Okawaru.
  6563 | D:6      | Reached skill level 7 in Stealth
  6902 | D:6      | Noticed Prince Ribbit
  6962 | D:6      | Killed Prince Ribbit
  6963 | D:6      | Reached XP level 9. HP: 38/39 MP: 18/18
  7397 | D:7      | Found a runed translucent door.
  7398 | D:7      | Noticed Crazy Yiuf
  7424 | D:7      | Found a white marble altar of Elyvilon.
  7562 | D:7      | Reached * piety under Wu Jian
  7628 | D:7      | Noticed a hornet
  7633 | D:7      | Paralysed by a hornet for 2 turns
  7637 | D:7      | Killed a hornet
  7638 | D:7      | Reached skill level 8 in Stealth
  8203 | D:8      | Found a staircase to the Lair.
  8254 | D:8      | Noticed a two-headed ogre
  8385 | D:8      | Reached skill level 1 in Alchemy
  8528 | D:7      | Found a broken altar of Ashenzari.
  8537 | D:7      | Reached skill level 9 in Stealth
  8543 | D:7      | Learned a level 4 spell: Petrify
  9051 | D:8      | Reached skill level 5 in Short Blades
  9054 | D:8      | Reached XP level 10. HP: 42/44 MP: 21/21
  9516 | D:9      | Found Mukkev's Weapon Shop.
  9577 | D:9      | Reached ** piety under Wu Jian
  9691 | D:9      | You fall into a shaft and drop 2 floors!
  9697 | D:10     | Entered Level 10 of the Dungeon
  9697 | D:10     | Found an opulent altar of Gozag.
  9697 | D:10     | Found a shimmering altar of Xom.
  9697 | D:10     | Found a shadowy altar of Dithmenos.
  9697 | D:10     | Found a snail-covered altar of Cheibriados.
  9700 | D:10     | Found a sparkling altar of Nemelex Xobeh.
  9793 | D:11     | Found Coce's Assorted Antiques.
  9881 | D:11     | Noticed an orange demon
  9907 | D:11     | Noticed a sixfirhy
  9918 | D:10     | Mangled by a sixfirhy

Illustrated notes

Levels and vault maps discovered:
D:1:      kennysheep_arrival_forest, layout_rooms, serial_forest,
          infiniplex_forest_diagonal, infiniplex_forest_clump_medium,
          infiniplex_forest_lined_room_, infiniplex_forest_end_double,
          infiniplex_forest_clump_C, infiniplex_forest_clump_double,
          infiniplex_forest_lined_ring, infiniplex_forest_straight_2,
          dreamdust_ecumenical_altar_statues, minmay_tromino_i4
D:2:      layout_loops_cross, serial_co_window_serial, co_window_paths_b,
          co_window_paths_a, co_window_cross_1, co_window_cross_1,
          co_window_corner_a, co_window_paths_a, co_window_corner_b,
          co_window_corner_b, co_window_unsneaky_path_a,
          co_window_of_opportunity_b, co_window_cross_4, co_window_4corner_b,
          glass_columns_b, glass_columns_c, glass_columns_c
D:3:      layout_basic, minmay_fountain_box, hex_intersection, minivault_14,
          pf_guarded_unrand_meek
D:4:      nicolae_BIG_FREAKIN_CUBE, layout_cave_pools, serial_shops, shop,
          nicolae_ossuary_entry_monument
D:5:      layout_rooms, nicolae_tso_besieged_by_evil, lemuel_crystal_altar,
          nicolae_overflow_crystal_walls, serial_bayou_lagoon_a,
          kennysheep_cluttered_room
D:6:      layout_basic, okawaru_trees_1, nicolae_sextant, uniq_eustachio,
          uniq_prince_ribbit1
D:7:      layout_basic, mainiacjoe_overflow_catwalk, lemuel_round_altar,
          uniq_crazy_yiuf_cottage
D:8:      layout_gridville, lair_entry_dummy
D:9:      layout_roguey, serial_shops, nicolae_shop_trees, hangedman_glass_teeth
D:10:     layout_roguey, nicolae_uskayaw_en_pointe,
          nicolae_overflow_hidden_temple, zombieorc1_lemuel,
          dreamdust_princess_corridor, minivault_19, minmay_nine_imps,
          uniq_erolcha, uniq_josephine, uniq_psyche
D:11:     layout_loops_ring, serial_demonic, serial_demonic_a, serial_demonic_f,
          serial_demonic_c, serial_demonic_f, serial_demonic_b,
          serial_demonic_a, serial_demonic_a, serial_demonic_a,
          serial_demonic_d, serial_demonic_d, serial_shops,
          nicolae_shop_hallway_plus, minmay_crystal_room,
          kennysheep_generic_room_10
Temple:   hellmonk_temple_beads

Skill      XL: |  1  2  3  4  5  6  7  8  9 10 |
---------------+-------------------------------+-----
Stealth        | 3 4 5 6 7 9 |  9.8
Earth Magic    | 4 5 6 7 8 |  8.0
Spellcasting   | 3 4 5 7 |  7.6
Short Blades   | 1 3 5 |  5.5
Alchemy        | 2 3 |  3.0
Dodging        | |  1.5
Conjurations   | |  1.6

Action                     |  1- 3 |  4- 6 |  7- 9 | 10-12 || total
---------------------------+-------+-------+-------+-------++-------
  Melee: Dagger            |    68 |    14 |    83 |    17 ||   182
         Bite              |    24 |     3 |    17 |     2 ||    46
         Punch             |     1 |       |       |       ||     1
  Throw: Stone             |     1 |     2 |     3 |       ||     6
         Dart              |       |       |     3 |       ||     3
   Cast: Sandblast         |    41 |    56 |   113 |    10 ||   220
         Passwall          |     2 |     6 |    15 |     2 ||    25
         Stone Arrow       |       |     1 |     9 |     4 ||    14
Ability: Lunge             |       |       |    17 |     7 ||    24
         Whirlwind         |       |       |     3 |     3 ||     6
    Use: Scroll            |       |     3 |     7 |     4 ||    14
         Potion            |       |       |     1 |     1 ||     2
   Stab: Sleeping          |     7 |     9 |    24 |    10 ||    50
         Distracted        |       |       |     1 |       ||     1
 Armour: Robe              |     9 |       |    40 |    44 ||    93
         Leather armour    |     8 |    37 |    59 |       ||   104
  Dodge: Dodged            |    21 |    26 |    43 |    27 ||   117

Table legend: (Time is in decaauts)
 A = Elapsed time spent in this place.
 B = Non-inter-level travel time spent in this place.
 C = Inter-level travel time spent in this place.
 D = Time resting spent in this place.
 E = Time spent auto-exploring this place.
 F = Levels seen in this place.
 G = Mean time per level.
                   A        B        C        D        E       F      G
               +--------+--------+--------+--------+--------+-----+--------+
         Total |  10029 |   9542 |    487 |   1938 |   3609 |  13 |  771.5 |
       Dungeon |   9369 |   8912 |    457 |   1586 |   3609 |  11 |  851.7 |
        Temple |    112 |     82 |     30 |      0 |      0 |   1 |  112.0 |
       Ossuary |    546 |    546 |      0 |    352 |      0 |   1 |  546.0 |
               +--------+--------+--------+--------+--------+-----+--------+

Top non-repeatable levels by time:
     D:3: 1582 daAuts
     D:2: 1532 daAuts
     D:6: 1325 daAuts
     D:7: 1131 daAuts
     D:8: 1050 daAuts
     D:1: 951 daAuts
     D:5: 763 daAuts
     D:4: 585 daAuts
 Ossuary: 546 daAuts
     D:9: 219 daAuts
    D:11: 199 daAuts
  Temple: 112 daAuts
    D:10: 27 daAuts
